Map: Invader LE

Players

MaSa

  • Race: Terran Terran

Puck (Nina) - Winner!

  • Race: Protoss Protoss

Event: DreamHack Open Tours WCS Spring Championship

VOD

Have the link to the VOD?

Description

Time

  • Played on: May 14, 2016, 8:14 a.m.
  • Length: 9:30

All games in this series

Show
View Real Time Build Order
Export as new Build Order

MaSa Terran 

Build Orders: MMM Bio 

Get SALT Encoding   

  12  0:00  SCV  
  13  0:14  SCV  
  14  0:18  Supply Depot  
  14  0:26  SCV  
  15  0:39  SCV  
  15  0:40  Barracks  
  16  0:44  Refinery  
  16  0:51  SCV  
  17  1:04  SCV  
  18  1:16  SCV  
  19  1:28  Orbital Command  
  20  1:34  Barracks Reactor  
  19  1:42  Command Center  
  19  1:54  Barracks  
  19  1:58  SCV  
  20  2:05  Supply Depot  
  20  2:10  SCV  
  20  2:13  Marine  
  20  2:14  Marine  
  23  2:24  Factory  
  23  2:27  SCV  
  24  2:32  Refinery  
  24  2:34  Marine  
  25  2:38  Marine  
  25  2:40  SCV  
  25  2:44  Barracks Tech Lab  
  27  2:52  Bunker  
  27  2:54  SCV  
  28  3:00  Orbital Command  
  28  3:11  Marine  
  28  3:12  Stimpack  
  29  3:14  SCV  
  29  3:19  Marine  
  31  3:20  Marine  
  32  3:29  Starport  
  32  3:31  Factory Reactor  
  32  3:34  SCV  
  32  3:36  SCV  
  32  3:39  Marine  
  35  3:42  Marine  
  35  3:45  Marauder  
  38  3:48  SCV  
  38  3:53  SCV  
  40  3:59  Supply Depot  
  40  4:00  Supply Depot  
  40  4:01  Marine x2  
  42  4:05  SCV  
  42  4:07  SCV, Marauder  
  46  4:21  Marine x2  
  46  4:22  Medivac x2  
  52  4:26  SCV  
  52  4:27  Supply Depot, SCV  
  54  4:34  Engineering Bay  
  53  4:38  SCV  
  53  4:44  Supply Depot  
  54  4:48  SCV, Widow Mine  
  55  4:53  Medivac  
  55  4:54  SCV  
  55  4:57  Marine  
  58  5:03  Marine  
  58  5:04  Marauder  
  61  5:09  Refinery  
  61  5:10  SCV  
  61  5:13  SCV  
  61  5:18  Viking  
  61  5:19  Missile Turret  
  63  5:25  SCV  
  63  5:27  Combat Shields  
  63  5:30  Marine x2  
  63  5:31  SCV, Marine  
  67  5:40  SCV  
  67  5:41  Barracks  
  67  5:44  Factory Tech Lab  
  67  5:48  Marine x2  
  67  5:49  SCV  
  69  6:03  Refinery, Medivac, Missile Turret  
  73  6:04  Marauder  
  73  6:05  SCV  
  73  6:07  SCV  
  75  6:13  Marine x2  
  75  6:17  SCV  
  78  6:26  Supply Depot  
  78  6:28  Supply Depot  
  78  6:31  Liberator  
  78  6:32  Liberator  
  78  6:48  SCV, Marauder x2  
  78  6:49  Marine x2  
  78  6:53  Supply Depot  
  78  6:54  SCV  
  91  7:03  SCV  
  91  7:08  Marine x2  
  92  7:09  Supply Depot  
  92  7:14  SCV, Marauder  
  92  7:15  SCV  
  98  7:19  Liberator  
  98  7:20  Marauder, Liberator  
  98  7:22  Factory Tech Lab  
  98  7:35  Marine  
  67  8:14  Supply Depot  
  64  8:56  Supply Depot x2  
Show
View Real Time Build Order
Export as new Build Order

Puck Protoss - Winner!

Build Orders: 1 Gate Expand 

Get SALT Encoding   

  12  0:00  Probe (Chrono Boost)  
  13  0:11  Probe (Chrono Boost)  
  14  0:17  Pylon  
  14  0:22  Probe (Chrono Boost)  
  15  0:36  Probe (Chrono Boost), Gateway  
  15  0:42  Assimilator  
  16  0:46  Probe (Chrono Boost)  
  18  0:57  Probe (Chrono Boost)  
  18  1:07  Probe (Chrono Boost)  
  19  1:19  Nexus  
  19  1:32  Cybernetics Core  
  19  1:33  Probe (Chrono Boost)  
  20  1:41  Assimilator  
  20  1:43  Probe (Chrono Boost)  
  21  1:50  Pylon  
  22  1:54  Probe (Chrono Boost)  
  24  2:08  Mothership Core (Chrono Boost)  
  24  2:12  Adept  
  26  2:22  Warp Gate  
  26  2:27  Probe (Chrono Boost)  
  27  2:34  Probe (Chrono Boost)  
  28  2:37  Probe (Chrono Boost)  
  28  2:39  Adept  
  31  2:44  Probe (Chrono Boost)  
  31  2:46  Robotics Facility  
  31  2:48  Probe (Chrono Boost)  
  33  2:55  Probe (Chrono Boost)  
  34  2:59  Probe (Chrono Boost)  
  36  3:05  Probe (Chrono Boost)  
  36  3:07  Assimilator, Adept  
  36  3:09  Probe (Chrono Boost)  
  39  3:16  Probe (Chrono Boost)  
  40  3:20  Probe (Chrono Boost)  
  40  3:23  Pylon  
  40  3:26  Probe (Chrono Boost)  
  42  3:30  Probe (Chrono Boost)  
  42  3:32  Warp Prism (Chrono Boost)  
  45  3:35  Probe  
  46  3:41  Robotics Bay  
  46  3:42  Probe  
  46  3:46  Probe  
  48  3:49  Pylon  
  48  3:54  Probe  
  49  3:56  Probe  
  50  4:04  Pylon  
  50  4:06  Probe  
  50  4:07  Probe  
  52  4:13  Twilight Council, Observer (Chrono Boost)  
  52  4:14  Gateway  
  53  4:18  Probe, Gateway  
  53  4:22  Probe  
  54  4:27  Gateway  
  54  4:29  Pylon  
  55  4:31  Gravitic Drive  
  55  4:37  Assimilator  
  55  4:38  Disruptor (Chrono Boost)  
  58  4:57  Pylon  
  58  4:58  Pylon  
  58  5:00  Blink (Chrono Boost)  
  58  5:04  Gateway  
  58  5:09  Gateway  
  58  5:10  Disruptor  
  61  5:18  Stalker  
  63  5:26  Stalker x3  
  69  5:32  Pylon  
  69  5:46  Disruptor  
  72  5:56  Stalker x2  
  76  5:57  Stalker x2  
  80  6:09  Stalker  
  80  6:10  Stalker  
  84  6:12  Pylon  
  84  6:16  Pylon  
  84  6:23  Stalker x4  
  92  6:45  Disruptor  
  95  6:52  Stalker x2  
  95  6:53  Adept x2  
  103  7:09  Nexus  
  103  7:13  Pylon  
  103  7:20  Stalker x4  
  111  7:32  Stalker x2  
  107  7:41  Disruptor  
  95  8:03  Zealot x3  
  95  8:05  Zealot x2  
  91  8:08  Cybernetics Core  
  88  8:18  Pylon  
  88  8:19  Disruptor  
  91  8:25  Probe  
  92  8:28  Pylon  
  91  8:37  Zealot x3  
  96  8:54  Disruptor, Stalker x2  
  101  9:06  Stalker x3  

Tags
 
Add a new tag
Caveats
  • Supply blocks, unpowered buildings, or Contaminate may cause inaccurate times.
  • Supply counts are checked every 10 seconds.